 Dungeon Crawl Stone Soup version 0.28.0-45-g0d030f2227 (webtiles) character file.

Game seed: 15331700931773586132

148 jimonade the Magician (level 5, 0/37 HPs)
             Began as a Djinni Ice Elementalist on Apr 9, 2022.
             Slain by a killer bee zombie (4 damage)
             ... on level 3 of the Dungeon.
             The game lasted 00:09:05 (3323 turns).

jimonade the Magician (Djinni Ice Elementalist)     Turns: 3323, Time: 00:09:05

Health: 0/37       AC:  4    Str:  7    XL:     5   Next: 56%
Gold:   84         EV: 11    Int: 19    God:
                   SH:  0    Dex: 13

rFire   + + .      SeeInvis .   n - +1 short sword (venom)
rCold   x . .      Faith    .   (no shield)
rNeg    . . .      Spirit   .   l - +1 leather armour of the Barber Surgeon {rPois}
rPois   ∞          Reflect  .   (no helmet)
rElec   .          Harm     .   (no cloak)
rCorr   .          Rampage  .   (no gloves)
Will    .....                   (boots unavailable)
Stlth   ++........              (no amulet)
HPRegen 0.12/turn               e - ring of wizardry
MPRegen 0.00/turn               (no ring)

@: freezing walls, flying
A: sickness immunity, fire resistance 2, cold vulnerability 1, float, innate
caster, HP casting, extra vitality 1
a: no special abilities


You were on level 3 of the Dungeon.
You visited 1 branch of the dungeon, and saw 3 of its levels.

You collected 84 gold pieces.

Inventory:

Hand Weapons
 h - a +0 dagger
 n - a +1 short sword of venom (weapon)
Missiles
 c - 57 stones
 f - 6 javelins
Armour
 a - a +0 robe
 l - the +1 leather armour of the Barber Surgeon (worn) {rPois}
   (You found it on level 2 of the Dungeon)

   rPois:     It protects you from poison.
Jewellery
 e - a ring of wizardry (left hand)
 m - a ring of ice
Scrolls
 b - 5 scrolls of identify {unknown}
 d - 3 scrolls of fear {unknown}
 k - a scroll of noise {unknown}
Potions
 g - a potion of magic {unknown}
 i - a potion of curing
 j - a potion of mutation {unknown}


   Skills:
 * Level 1.4 Fighting
 + Level 1.0 Armour
 + Level 2.4 Dodging
 - Level 1.5 Stealth
 + Level 4.6 Spellcasting


You couldn't memorise any spells.
You knew the following spells:

 Your Spells              Type           Power      Damage    Failure   Level
a - Freeze                Ice            88%        1d10      1%          1
b - Frozen Ramparts       Ice            44%        1d6       3%          3
c - Ozocubu's Armour      Ice            22%        N/A       3%          3
d - Hailstorm             Conj/Ice       22%        3d7       11%         4
e - Magic Dart            Conj           88%        1d7       1%          1
f - Blink                 Tloc           44%        N/A       1%          2
Your spell library was empty.

Dungeon Overview and Level Annotations

Branches:
Dungeon (3/15)

Altars:


Innate Abilities, Weirdness & Mutations

You are immune to sickness and miasma.
You are immune to poison.
Your flesh is very heat resistant. (rF++)
You are vulnerable to cold. (rC-)
You float through the air rather than walking.
You learn spells naturally, not from books.
Your magical power is your life essence.
You have superior vitality. (+4 MHP)


Message History

The frozen ramparts melt away as you move.
Things that are here:
a +1 short sword of venom; an orc corpse
n - a +1 short sword of venom Your +1 short sword of venom begins to drip with poison!
n - a +1 short sword of venom (weapon)
A kobold and a killer bee zombie come into view.
The kobold throws a stone.
The stone hits you. The killer bee zombie hits you.
The killer bee zombie hits you. x2
The killer bee zombie hits you.
Casting: Frozen Ramparts (dangerous; 3% risk of failure)
Confirm with . or Enter, or press ? or * to list all spells.
Casting: Frozen Ramparts (dangerous; 3% risk of failure)
Press: ? - help, Dir - look around, f - activate The walls around you are covered in ice.
The killer bee zombie completely resists.
The wall freezes the killer bee zombie but does no damage.
The killer bee zombie closely misses you.
The killer bee zombie completely resists.
The wall freezes the killer bee zombie but does no damage.
The killer bee zombie hits you.
* * * LOW HITPOINT WARNING * * *
You hit the killer bee zombie.
The killer bee zombie is lightly damaged.
The killer bee zombie completely resists.
The wall freezes the killer bee zombie but does no damage.
The killer bee zombie closely misses you.
The killer bee zombie completely resists.
The wall freezes the killer bee zombie but does no damage.
The killer bee zombie hits you.
* * * LOW HITPOINT WARNING * * *
Unknown command.
Unknown command.
You hit the killer bee zombie.
The killer bee zombie is moderately damaged.
The killer bee zombie completely resists.
The wall freezes the killer bee zombie but does no damage.
The killer bee zombie hits you.
You die...

#......# #......##
....... #..... .#
...##..K. .. ..Z.....# .
####.# .# #..K.###?###..
##...Z@...$...
###.......#.. ##......#
##......# ##########
##†......#
..)......####.†........
.........##...#......#..
..<......##.###.........
............# #........


You could see a killer bee zombie and a kobold.

Vanquished Creatures
  An orc wizard (D:2)
  4 gnolls (D:2)
  3 adders
  A worm (D:2)
  4 dart slugs
  6 orcs
  2 endoplasms
  A giant cockroach (D:1)
  2 goblins
  3 hobgoblins
  A quokka (D:2)
  4 ball pythons
  5 bats
  2 frilled lizards
  4 kobolds
  3 rats
46 creatures vanquished.

Vanquished Creatures (others)
  29 plants (D:2)
29 creatures vanquished.

Grand Total: 75 creatures vanquished

Notes
Turn   | Place    | Note
-------+----------+-------------------------------------------
     0 | D:1      | jimonade the Djinni Ice Elementalist began the quest for
                  | the Orb.
     0 | D:1      | Reached XP level 1. HP: 15/15 MP: 0/0
   219 | D:1      | Reached XP level 2. HP: 19/21 MP: 0/0
  1314 | D:1      | Reached XP level 3. HP: 26/26 MP: 0/0
  1314 | D:1      | Learned a level 1 spell: Magic Dart
  1954 | D:2      | Reached skill level 1 in Fighting
  2035 | D:2      | Identified the +1 leather armour of the Barber Surgeon
                  | {rPois}
  2162 | D:2      | Reached skill level 4 in Spellcasting
  2163 | D:2      | Reached XP level 4. HP: 23/32 MP: 0/0
  2610 | D:2      | Reached XP level 5. HP: 9/37 MP: 0/0
  2610 | D:2      | Learned a level 2 spell: Blink
  3306 | D:3      | Reached skill level 1 in Armour
  3323 | D:3      | Slain by a killer bee zombie

Illustrated notes

Levels and vault maps discovered:
D:1:      ebering_hopf_link, layout_basic, corner_web_ring, minmay_pentomino_u4
D:2:      layout_loops_cross, chequers_big_river, serial_bayou_lagoon_a
D:3:      layout_rooms, mainiacjoe_overflow_concentric_impassable, serial_shops,
          shop_statue, portal_sewer_entry_d, shapermc_ecumenical_altar_venn

Skill      XL: |  1  2  3  4  5 |
---------------+----------------+-----
Fighting       | 1 |  1.4
Spellcasting   | 4 |  4.6
Armour         | 1 |  1.0
Dodging        | |  2.4
Stealth        | |  1.5

Action                   |  1- 3 |  4- 6 || total
-------------------------+-------+-------++-------
Melee: Unarmed           |     8 |       ||     8
       Dagger            |    19 |    39 ||    58
       Punch             |       |     2 ||     2
       Short sword       |       |     2 ||     2
 Cast: Freeze            |    23 |       ||    23
       Magic Dart        |    16 |     3 ||    19
       Frozen Ramparts   |     2 |    11 ||    13
       Ozocubu's Armour  |     1 |       ||     1
 Stab: Sleeping          |     3 |       ||     3
Armor: Robe              |    14 |       ||    14
       Leather armour    |     1 |     8 ||     9
Dodge: Dodged            |    32 |    37 ||    69
